 Dungeon Crawl Stone Soup version 0.26-a0-642-g67e9924 (webtiles) character file.

Game seed: 9150429079961152484

7 royokou the Skirmisher (level 1, 0/20 HPs)
             Began as a Minotaur Chaos Knight on Sept 21, 2020.
             Was a Plaything of Xom.
             Slain by a kobold
             ... wielding a +0 short sword
              (3 damage)
             ... on level 1 of the Dungeon.
             The game lasted 00:01:55 (218 turns).

royokou the Skirmisher (Minotaur Chaos Knight)       Turns: 218, Time: 00:01:56

Health: 0/20       AC:  5    Str: 16    XL:     1   Next: 91%
Magic:  0/0        EV: 11    Int:  7    God:    Xom [.*....]
Gold:   8          SH:  0    Dex:  9    Spells: 0/0 levels left

rFire    . . .     SeeInvis .   a - +0 hand axe (chaos)
rCold    . . .     Faith    .   (no shield)
rNeg     . . .     Spirit   .   b - +2 leather armour
rPois    .         Reflect  .   (helmet restricted)
rElec    .         Harm     .   (no cloak)
rCorr    .         Rampage  .   (no gloves)
MR       .....                  (no boots)
Stlth    +.........             (no amulet)
HPRegen  0.06/turn              (no ring)
MPRegen  0.07/turn              (no ring)

@: no status effects
A: retaliatory headbutt, horns 2, dopey 1
a: Renounce Religion


You were on level 1 of the Dungeon.
You worshipped Xom.
You were a plaything of Xom.
You visited 1 branch of the dungeon, and saw 1 of its levels.

You collected 8 gold pieces.

Inventory:

Hand Weapons
 a - a +0 hand axe of chaos (weapon)
Armour
 b - a +2 leather armour (worn)
Scrolls
 c - a scroll of teleportation {unknown}
 d - a scroll of identify {unknown}


   Skills:
 + Level 3.8 Fighting
 + Level 3.8 Axes
 + Level 2.6 Armour
 + Level 1.4 Dodging


You couldn't memorise any spells.
You didn't know any spells.
Your spell library was empty.

Dungeon Overview and Level Annotations

Branches:
Dungeon (1/15)

Altars:


Innate Abilities, Weirdness & Mutations

You reflexively headbutt those who attack you in melee.
You have a pair of horns on your head.
You are dopey. (Int -2)


Message History

Found a stone staircase leading down.
Found 5 gold pieces.
A goblin comes into view. It is wielding a +0 club.
The goblin hits you with a +0 club. The goblin closely misses you.
The kobold barely misses you. The goblin closely misses you.
The kobold hits you with a +0 short sword.
The goblin hits you with a +0 club.
* * * LOW HITPOINT WARNING * * *
The kobold hits you but does no damage. The goblin misses you.
The kobold misses you. The kobold misses you. The goblin closely misses you.
The kobold hits you but does no damage. The goblin hits you but does no damage.
The kobold hits you with a +0 short sword.
* * * LOW HITPOINT WARNING * * *
The goblin hits you with a +0 club.
* * * LOW HITPOINT WARNING * * *
The kobold hits you with a +0 short sword.
You die... "What!?
That's it?"

#.# #. ### #.# #.##.#
..# #.# #.##.# #.# #.#
#.##?# #.# #.#
#.##.###$# #.# ###
###.##...#.###.####.....
.!.............K@g...#
.##.##....>....####.##
....##.###.#####
...........#
.#####.##### .### #...
.... ..### ###. ..# .##
#


You could see a goblin and a kobold.

Vanquished Creatures
  A giant cockroach (D:1)
  2 goblins (D:1)
  2 hobgoblins (D:1)
  A rat (D:1)
6 creatures vanquished.

Notes
Turn   | Place    | Note
-------+----------+-------------------------------------------
     0 | D:1      | royokou the Minotaur Chaos Knight began the quest for the
                  | Orb.
     0 | D:1      | Reached XP level 1. HP: 19/19 MP: 0/0
    32 | D:1      | Upgraded the game from 0.26-a0-639-g72c4674 to
                  | 0.26-a0-642-g67e9924
    51 | D:1      | XOM: silly message
    67 | D:1      | XOM: potion effect (stabbing)
   117 | D:1      | XOM: give mutation
   117 | D:1      | Gained mutation: You are dopey. (Int -2) [Xom's mischief]
   218 | D:1      | Slain by a kobold

Illustrated notes

Levels and vault maps discovered:
D:1:      lightli_arrival_chessboard, layout_loops_ring

Action                   || total
-------------------------++-------
Melee: Hand axe          ||     5
Armor: Leather armour    ||    19
Dodge: Dodged            ||    36

Table legend: (Time is in decaauts)
 A = Elapsed time spent in this place.
 B = Non-inter-level travel time spent in this place.
 C = Inter-level travel time spent in this place.
 D = Time resting spent in this place.
 E = Time spent auto-exploring this place.
 F = Levels seen in this place.
 G = Mean time per level.
                   A        B        C        D        E       F      G
               +--------+--------+--------+--------+--------+-----+--------+
         Total |    218 |    218 |      0 |      0 |     25 |   1 |  218.0 |
       Dungeon |    218 |    218 |      0 |      0 |     25 |   1 |  218.0 |
               +--------+--------+--------+--------+--------+-----+--------+

Top non-repeatable levels by time:
     D:1: 218 daAuts
